 Dungeon Crawl Stone Soup version 0.19-a0-593-gf2cdb02 (webtiles) character file.

471 Ijustatesigmund the Poker (level 7, -1/56 HPs)
             Began as a Merfolk Fighter on June 10, 2016.
             Slain by an orc wizard
             ... wielding a +2 dagger of electrocution
              (15 damage)
             ... on level 4 of the Dungeon.
             The game lasted 00:08:00 (2663 turns).

Ijustatesigmund the Poker (Merfolk Fighter)         Turns: 2663, Time: 00:08:01

Health: -1/56      AC:  6    Str: 19    XL:     7   Next: 9%
Magic:  7/7        EV: 10    Int:  8    God:
Gold:   177        SH:  9    Dex: 15    Spells: 0 memorised, 6 levels left

rFire  . . .     SeeInvis .     a - +0 trident
rCold  . . .     Gourm    .     b - +0 scale mail
rNeg   . . .     Faith    .     c - +0 shield
rPois  .         Spirit   .     (no helmet)
rElec  .         Dismiss  .     (no cloak)
rCorr  .         Reflect  .     (no gloves)
SustAt .         Harm     .     (no boots)
MR     .....                    (no amulet)
Stlth  ..........               (no ring)
                                r - +3 ring of strength

@: flying, not resistant to hostile enchantments, extremely unstealthy
A: change form in water, swift swim
a: no special abilities


You were on level 4 of the Dungeon.
You were not hungry.

You visited 1 branch of the dungeon, and saw 4 of its levels.
You also visited: Sewer.

You collected 177 gold pieces.

Inventory:

Hand Weapons
 a - a +0 trident (weapon)
Armour
 b - a +0 scale mail (worn)
 c - a +0 shield (worn)
Jewellery
 r - a +3 ring of strength (left hand)
Scrolls
 j - a scroll of magic mapping
 n - a scroll of remove curse
Potions
 d - a potion of flight
 e - a potion of heal wounds {unknown}
 i - a potion of resistance {unknown}
 l - a potion of lignification {unknown}
 m - 2 potions of curing {unknown}
Comestibles
 f - 3 bread rations
 g - 2 fruits
 h - 4 meat rations
 k - 3 chunks of flesh
 p - a royal jelly
 q - 2 slices of pizza


   Skills:
 + Level 5.5 Fighting
 + Level 6.5 Polearms
 - Level 2.1 Armour
 + Level 5.3 Dodging
 - Level 3.0 Shields


You had 6 spell levels left.
You didn't know any spells.

Dungeon Overview and Level Annotations

Branches:
Dungeon (4/15)
 Temple: D:4-7

Altars:
Okawaru
Ru


Message History

The orc wizard hits you but does no damage.
You hit the orc wizard.
The orc wizard is severely wounded.
You block the orc wizard's attack.
You closely miss the orc wizard.
The orc wizard is severely wounded.
The orc wizard gestures at you while chanting.
You resist with some effort.
You feel very buoyant.
You fly up into the air.
You block the orc wizard's attack.
You puncture the orc wizard!
You kill the orc wizard!
You block something's attack.
Your shield and scale mail prevent you from hitting something.
You block something's attack.
You miss something. Something hits you but does no damage.
You are electrocuted!
* * * LOW HITPOINT WARNING * * *
Something hits you but does no damage.
You are electrocuted!
You die...

#.......##
#........#
#........#
#........#
#........##
#......#..#
########..#
##########..#
#....{@....>#
#.###########


There were no monsters in sight!

Vanquished Creatures
  A big kobold (Sewer)
  3 orc wizards
  An orc priest (D:4)
  Jessica (D:2)
  Terence (D:3)
  A hound skeleton (D:4)
  4 gnolls (D:3)
  4 adders
  3 river rats
  2 oozes (D:2)
  A worm (D:4)
  3 dart slugs
  4 giant geckos
  6 orcs
  8 bats
  9 giant cockroaches
  9 hobgoblins
  6 jackals
  3 quokkas
  4 ball pythons
  A giant gecko skeleton (D:4)
  5 giant newts
  7 goblins
  7 kobolds
  16 rats
110 creatures vanquished.

Notes
Turn   | Place    | Note
--------------------------------------------------------------
     0 | D:1      | Ijustatesigmund the Merfolk Fighter began the quest for the Orb.
     0 | D:1      | Reached XP level 1. HP: 18/18 MP: 1/1
   115 | D:1      | Reached skill level 1 in Dodging
   161 | D:1      | Reached XP level 2. HP: 23/24 MP: 2/2
   639 | D:2      | Reached skill level 4 in Polearms
   644 | D:2      | Reached XP level 3. HP: 28/29 MP: 3/3
   689 | D:2      | Noticed Jessica
   697 | D:2      | Killed Jessica
   734 | D:2      | Reached XP level 4. HP: 37/37 MP: 4/4
   979 | D:2      | Found a sacrificial altar of Ru.
   993 | D:2      | Reached skill level 5 in Polearms
   993 | D:2      | Reached XP level 5. HP: 37/42 MP: 5/5
  1344 | D:3      | Found an iron altar of Okawaru.
  1546 | D:3      | Reached XP level 6. HP: 49/50 MP: 6/6
  1692 | D:3      | Noticed Terence
  1717 | D:3      | Killed Terence
  1717 | D:3      | Reached skill level 5 in Fighting
  1864 | D:3      | Found a glowing drain.
  1874 | Sewer    | Entered a sewer
  1883 | Sewer    | Reached skill level 6 in Polearms
  2220 | Sewer    | Reached skill level 5 in Dodging
  2250 | Sewer    | Found a white marble altar of Elyvilon.
  2651 | D:4      | Reached XP level 7. HP: 33/56 MP: 7/7
  2663 | D:4      | Slain by an orc wizard

Vault maps used:
D:1:      enne_arrival_octagon_isle
D:2:      nicolae_ru_great_annihilating_truth, first_bread, uniq_jessica
D:3:      portal_sewer_entry_e, okawaru_gym_becter, uniq_terence
D:4:      elyvilon_altar_5
Sewer:    sewer_kobolds

Skill      XL: |  1  2  3  4  5  6 |
---------------+-------------------+-----
Dodging        | 1 2 3 4 5 |  5.3
Polearms       | 4 5 6 |  6.5
Fighting       | 4 5 |  5.5
Armour         | |  2.1
Shields        | |  3.0

Action                   |  1- 3 |  4- 6 |  7- 9 || total
-------------------------+-------+-------+-------++-------
Melee: Trident           |    52 |   311 |    10 ||   373
  Use: Scroll            |     1 |     3 |       ||     4
       Potion            |       |     6 |     1 ||     7
 Stab: Paralysed         |       |     4 |       ||     4
       Invisible         |       |     2 |       ||     2
  Eat: Chunk             |       |     6 |       ||     6
Armor: Scale mail        |     7 |    83 |     3 ||    93
Dodge: Dodged            |    10 |    78 |     2 ||    90
Block: Shield            |    14 |   117 |     5 ||   136
